 Dungeon Crawl Stone Soup version 0.18.1-8-gdd0e5ea (webtiles) character file.

466 Kri the Digger (level 7, -7/36 HPs)
             Began as a Gargoyle Earth Elementalist on May 22, 2016.
             Mangled by Fv001's ghost (11 damage)
             ... on level 4 of the Dungeon.
             The game lasted 00:11:46 (4158 turns).

Kri the Digger (Gargoyle Earth Elementalist)        Turns: 4158, Time: 00:11:46

Health: -7/36      AC: 13    Str: 12    XL:     7   Next: 8%
Magic:  4/14       EV: 12    Int: 17    God:
Gold:   140        SH:  0    Dex: 10    Spells: 3 memorised, 7 levels left

rFire  . . .     SeeInvis .     f - +4 rapier (protect)
rCold  . . .     Gourm    .     a - +1 robe
rNeg   + . .     Faith    .     (no shield)
rPois  ∞         Spirit   .     (no helmet)
rElec  +         Dismiss  .     p - +0 cloak
rCorr  .         Reflect  .     (no gloves)
SustAt .         Harm     .     (no boots)
MR     .....                    (no amulet)
Stlth  ++........               (no ring)
                                h - ring of flight

@: not resistant to hostile enchantments, unstealthy
A: negative energy resistance 1, electricity resistance, unbreathing,
petrification resistance, rot immunity, AC +4
a: Evoke Flight


You were on level 4 of the Dungeon.
You were not hungry.

You visited 1 branch of the dungeon, and saw 4 of its levels.

You collected 140 gold pieces.

Inventory:

Hand Weapons
 f - a +4 rapier of protection (weapon)
 i - a +0 dagger of venom
 k - a +0 club
 m - a +2 flail of protection
Missiles
 b - 58 stones (quivered)
Armour
 a - a +1 robe (worn)
 p - a +0 cloak (worn)
Jewellery
 h - a ring of flight (left hand)
Scrolls
 e - a scroll of identify
 t - 3 scrolls of recharging
Potions
 j - a potion of ambrosia
 n - 2 potions of curing
 o - a potion of heal wounds
Books
 c - a book of Geomancy

   Spells                             Type                      Level
   a - Sandblast                      Earth                        1
   b - Passwall                       Transmutation/Earth          2
   c - Stone Arrow                    Conjuration/Earth            3
   d - Petrify                        Transmutation/Earth          4
   e - Lee's Rapid Deconstruction     Earth                        5
Comestibles
 d - a bread ration
 g - a chunk of flesh
 l - 2 fruits
 q - 3 meat rations


   Skills:
 - Level 1.5 Dodging
 - Level 2.1 Stealth
 * Level 5.2 Spellcasting
 + Level 2.9 Conjurations
   Level 0.7 Transmutations
 + Level 5.8 Earth Magic


You had 7 spell levels left.
You knew the following spells:

 Your Spells              Type           Power        Failure   Level  Hunger
a - Sandblast             Erth           ###...       1%          1    None
b - Stone Arrow           Conj/Erth      ###...       10%         3    ###....
c - Lee's Rapid Deconstr  Erth           ###.......   38%         5    ######.


Dungeon Overview and Level Annotations

Branches:
Dungeon (4/15)
 Temple: D:4-7

Altars:
Elyvilon
Fedhas
Pakellas
The Shining One

Annotations:
D:2 Sigmund
D:4 Fv001's ghost, amateur HOFi


Innate Abilities, Weirdness & Mutations

You are resistant to torment.
Your stone body is resilient (AC +4).
You are immune to poison.
You resist negative energy.
You are resistant to electric shocks.
You can survive without breathing.
You are immune to petrification.
You are immune to rotting.


Message History

Fv001's ghost is severely damaged.
Fv001's ghost barely misses you.
You barely miss Fv001's ghost.
Fv001's ghost is severely damaged.
Fv001's ghost hits you.
You hit Fv001's ghost but do no damage.
Fv001's ghost is severely damaged.
Fv001's ghost hits you but does no damage.
Fv001's ghost hits you.
You hit Fv001's ghost but do no damage.
Fv001's ghost is severely damaged.
Fv001's ghost hits you!
* * * LOW HITPOINT WARNING * * *
You hit Fv001's ghost but do no damage.
Fv001's ghost is severely damaged.
Fv001's ghost misses you.
You hit Fv001's ghost.
Fv001's ghost is almost destroyed.
Fv001's ghost hits you!
You die...

#> #. #.
####.####
........#######
####...[.......
#.........####
#.#.@W.......#
# #.##.##.##.#
#. #.# .# # #.
#.# # #. #.. #.
### #. #.


You could see Fv001's ghost.

Vanquished Creatures
  Edmund (D:4)
  A hound (D:3)
  2 orc wizards (D:3)
  An orc priest (D:3)
  Jessica (D:2)
  Terence (D:2)
  Natasha (D:3)
  4 adders
  2 gnolls (D:2)
  An ooze (D:2)
  A worm (D:2)
  2 dart slugs (D:1)
  A giant gecko (D:2)
  7 orcs
  2 giant cockroaches
  11 goblins
  9 hobgoblins
  11 jackals
  3 ball pythons
  10 bats
  5 giant newts
  4 kobolds
  12 rats
93 creatures vanquished.

Vanquished Creatures (others)
  2 orcs (D:3)
  A goblin (D:3)
  A quokka (D:3)
4 creatures vanquished.

Grand Total: 97 creatures vanquished

Notes
Turn   | Place    | Note
--------------------------------------------------------------
     0 | D:1      | Kri the Gargoyle Earth Elementalist began the quest for the Orb.
     0 | D:1      | Reached XP level 1. HP: 10/10 MP: 3/3
   157 | D:1      | Reached XP level 2. HP: 13/15 MP: 5/5
   405 | D:1      | Reached XP level 3. HP: 19/19 MP: 7/7
   422 | D:1      | Learned a level 3 spell: Stone Arrow
   764 | D:2      | Noticed Jessica
   771 | D:2      | Killed Jessica
   771 | D:2      | Reached XP level 4. HP: 22/24 MP: 8/8
  1033 | D:2      | Found a blossoming altar of Fedhas.
  1354 | D:2      | Reached skill level 1 in Conjurations
  1798 | D:2      | Reached XP level 5. HP: 23/28 MP: 10/10
  1809 | D:2      | Learned a level 5 spell: Lee's Rapid Deconstruction
  1847 | D:2      | Noticed Terence
  1850 | D:2      | Noticed Sigmund
  2483 | D:2      | Killed Terence
  2794 | D:3      | Found a white marble altar of Elyvilon.
  3177 | D:3      | Reached skill level 5 in Earth Magic
  3204 | D:3      | Found an oddly glowing altar of Pakellas.
  3204 | D:3      | Found a glowing golden altar of the Shining One.
  3286 | D:3      | Reached XP level 6. HP: 16/32 MP: 12/12
  3673 | D:3      | Noticed Natasha
  3679 | D:3      | Killed Natasha
  3938 | D:4      | Noticed Edmund
  3966 | D:4      | Killed Edmund
  3966 | D:4      | Reached skill level 5 in Spellcasting
  3966 | D:4      | Reached XP level 7. HP: 22/36 MP: 0/14
  4139 | D:4      | Noticed Fv001's ghost (amateur HOFi)
  4158 | D:4      | Mangled by Fv001's ghost

Skill      XL: |  1  2  3  4  5  6 |
---------------+-------------------+-----
Earth Magic    | 4 5 |  5.8
Spellcasting   | 3 4 5 |  5.2
Conjurations   | 1 2 |  2.9
Dodging        | |  1.5
Stealth        | |  2.1
Transmutations | |  0.7

Action                   |  1- 3 |  4- 6 |  7- 9 || total
-------------------------+-------+-------+-------++-------
Melee: Dagger            |    83 |   142 |       ||   225
       Rapier            |       |    74 |    15 ||    89
       Flail             |       |    14 |       ||    14
 Cast: Sandblast         |     4 |    24 |     1 ||    29
       Stone Arrow       |       |    12 |     4 ||    16
  Use: Scroll            |       |    12 |       ||    12
       Potion            |       |     1 |       ||     1
 Stab: Sleeping          |     1 |     4 |       ||     5
  Eat: Chunk             |       |    11 |     1 ||    12
Armor: Robe              |    19 |   101 |     3 ||   123
Dodge: Dodged            |    62 |   182 |     8 ||   252
